 Dungeon Crawl Stone Soup version 0.31-a0-699-g830162fb6c (webtiles) character file.

Game seed: 15660664929406092709

88 qw the Shooter (level 4, 0/28 HPs)
             Began as a Gargoyle Hunter on Sept 7, 2023.
             Slain by Robin
             ... wielding the +6 trident of Fannaf {flame, rPois MP+9 Int-4 Dex+2}
              (2 damage)
             ... on level 2 of the Dungeon.
             The game lasted 00:00:33 (1024 turns).

qw the Shooter (Gargoyle Hunter)                    Turns: 1024, Time: 00:00:34

Health: 0/28       AC:  9    Str: 15    XL:     4   Next: 54%
Magic:  4/4        EV: 11    Int:  9    God:
Gold:   95         SH:  0    Dex: 15    Spells: 3/3 levels left

rFire   . . .        Y - +0 shortbow
rCold   . . .        (shield currently unavailable)
rNeg    + . .        c - +0 leather armour
rPois   inf          b - +0 helmet
rElec   +            (no cloak)
rCorr   +            h - +1 pair of gloves
SInv    .            (no boots)
Will    .....        (no amulet)
Stlth   ++           k - ring of resist corrosion
HPRegen 0.24/turn    (no ring)
MPRegen 0.09/turn

%: no passive effects
@: no status effects
A: sickness immunity, AC +3, negative energy resistance 1, electricity
resistance, torment resistance 1, petrification resistance
a: no special abilities


You were on level 2 of the Dungeon.
You visited 1 branch of the dungeon, and saw 2 of its levels.

You collected 95 gold pieces.


Innate Abilities, Weirdness & Mutations

You are immune to sickness and miasma.
Your stone body is resilient. (AC +3)
You are immune to poison.
You resist negative energy. (rN+)
You are resistant to electric shocks. (rElec)
You are resistant to unholy torment.
You are immune to petrification.


   Skills:
 - Level 3.1 Fighting
 - Level 5.3 Ranged Weapons
 + Level 0.7 Armour
 - Level 1.5 Dodging
 - Level 1.1 Stealth


You had 3 spell levels left.
You didn't know any spells.
Your spell library was empty.

Inventory:

Hand Weapons
 Y - a +0 shortbow (weapon)
Armour
 b - a +0 helmet (worn)
 c - a +0 leather armour (worn)
 h - a +1 pair of gloves (worn)
Jewellery
 k - a ring of resist corrosion (left hand)
Scrolls
 g - a scroll of identify
Potions
 e - a potion of heal wounds {unknown}
 f - a potion of brilliance {unknown}
 j - a potion of curing {unknown}

Dungeon Overview and Level Annotations

Branches:
Dungeon (2/15)

Altars:

Annotations:
D:2 Robin


Message History

You shoot an arrow.
The arrow hits Robin but does no damage.
Robin is lightly wounded.
Robin zaps a wand.
The puff of flame hits you.
You shoot an arrow. The arrow hits Robin.
Robin is moderately wounded.
You shoot an arrow. The arrow hits Robin.
Robin is severely wounded.
A goblin comes into view. It is wielding a +0 club.
1016 ||| Stepping ~*~*~tactically~*~*~ (outnumbered).
You shoot an arrow. The arrow barely misses Robin.
You hear a shout!
Robin throws the goblin at you!
You shoot an arrow. The arrow barely misses the goblin.
Robin roars a battlecry!
The goblin goes into a battle-frenzy!
The goblin barely misses you.
You shoot an arrow. The arrow hits the goblin.
The goblin is moderately wounded.
The goblin barely misses you. The goblin closely misses you.
Robin hits you from afar with the +6 trident of Fannaf {flame, rPois MP+9 Int-4 Dex+2}!
Robin burns you.
You shoot an arrow. The arrow closely misses the goblin.
You hear a shout!
The goblin barely misses you. Robin barely misses you.
You shoot an arrow. The arrow closely misses the goblin.
A goblin comes into view. It is wielding a +0 club.
Robin throws the goblin at you! The goblin completely misses you.
You shoot an arrow. The arrow closely misses the goblin.
The goblin closely misses you. Robin barely misses you.
The goblin hits you but does no damage.
You shoot an arrow. The arrow hits the goblin!
You kill the goblin!
Robin closely misses you. The goblin hits you with a +0 club.
You shoot an arrow. The arrow closely misses the goblin.
Robin zaps a wand.
The puff of flame hits you. The goblin hits you with a +0 club.
Robin hits you from afar with the +6 trident of Fannaf {flame, rPois MP+9 Int-4 Dex+2}.
You die...
Robin calls out, "Let's celebrate!
Time for a feast!"

..........................)[)..).
..........).|.##.........#%###.)w
................................
.............#####...##.....##..
....#.......## #..g##.##.....
...........## ##.........###
####.##.)### #..........#
...##...# #####....##..#.#
#.####.#.## #)@.g....###...# ...
#....####g..%.....# (#.. ..
####......<.......# #..# .
##.##..........# ..
#.......#.#.#>.# #####..........#
##.........# ####...... #...#


You could see Robin and a goblin (strong).

Vanquished Creatures
  Jessica (D:2)
  An adder (D:2)
  3 worms (D:2)
  3 dart slugs (D:1)
  2 giant cockroaches
  5 hobgoblins
  2 quokkas (D:1)
  A ball python (D:1)
  5 bats (D:1)
  8 goblins
  6 kobolds (D:1)
  3 rats
40 creatures vanquished.

Notes
Turn   | Place    | Note
-------+----------+-------------------------------------------
     0 | D:1      | qw the Gargoyle Hunter began the quest for the Orb.
     0 | D:1      | Reached XP level 1. HP: 12/12 MP: 1/1
     0 | D:1      | 0 ||| qw: Version: 0.3-a-76-g4403597
     0 | D:1      | 0 ||| qw: Game counter: 416
     0 | D:1      | 0 ||| qw: Melee chars always use a shield: true
     0 | D:1      | 0 ||| qw: God list: Okawaru
     0 | D:1      | 0 ||| qw: Allow faded altars: false
     0 | D:1      | 0 ||| qw: Do Orc after clearing Dungeon:15 true
     0 | D:1      | 0 ||| qw: Do second Lair branch before Depths: true
     0 | D:1      | 0 ||| qw: Lair rune preference: random
     0 | D:1      | 0 ||| qw: Goals: Normal
     0 | D:1      | 0 ||| PLANNING D:1-11
    81 | D:1      | Reached XP level 2. HP: 17/17 MP: 2/2
   166 | D:1      | HP: 4/17 [rat (3)]
   497 | D:1      | Reached XP level 3. HP: 21/21 MP: 3/3
   598 | D:1      | Reached skill level 5 in Ranged Weapons
   729 | D:1      | 729 ||| UPGRADING to +0 pair of gloves.
   734 | D:1      | 734 ||| UPGRADING to ring of resist corrosion.
   735 | D:1      | 735 ||| READING scroll labelled XITWEPP JIOCUE.
   736 | D:1      | 736 ||| READING 2 scrolls labelled YRGHUB MAREAHIGRIU.
   737 | D:1      | 737 ||| READING scroll labelled QATEIR NYEDD.
   738 | D:1      | 738 ||| DROPPING scroll of butterflies.
   758 | D:2      | 758 ||| READING scroll of enchant armour.
   758 | D:2      | 758 ||| ENCHANTING +0 pair of gloves.
   760 | D:2      | Noticed Jessica
   769 | D:2      | Killed Jessica
   770 | D:2      | Reached skill level 3 in Fighting
   819 | D:2      | Reached XP level 4. HP: 28/28 MP: 4/4
   865 | D:2      | 865 ||| FLEEEEING.
   883 | D:2      | 883 ||| FLEEEEING.
   884 | D:2      | 884 ||| STAIRDANCE
   929 | D:1      | 929 ||| UPGRADING to +0 helmet.
   934 | D:1      | 934 ||| READING scroll labelled LILOPP NEIFAG.
   955 | D:2      | HP: 5/28 [worm (7)]
  1011 | D:2      | Identified the +6 trident of Fannaf {flame, rPois MP+9
                  | Int-4 Dex+2}
  1011 | D:2      | Noticed Robin
  1016 | D:2      | 1016 ||| Stepping ~*~*~tactically~*~*~ (outnumbered).
  1021 | D:2      | HP: 6/28 [Robin/goblin (2)]
  1024 | D:2      | HP: 2/28 [goblin/+0 club[Robin] (1)]
  1024 | D:2      | Slain by Robin

Levels and vault maps discovered:
D:1:      lightli_arrival_lavapool, layout_basic
D:2:      layout_rooms, uniq_robin, uniq_jessica

Skill      XL: |  1  2  3 |
---------------+----------+-----
Ranged Weapons | 5 |  5.3
Fighting       | 3 |  3.1
Armour         | |  0.7
Dodging        | |  1.5
Stealth        | |  1.1

Action                     |  1- 3 |  4- 6 || total
---------------------------+-------+-------++-------
   Fire: Shortbow          |    85 |    58 ||   143
    Use: Scroll            |     4 |     1 ||     5
 Armour: Leather armour    |    29 |    32 ||    61
  Dodge: Dodged            |    27 |    32 ||    59

Table legend:
 A = Non-vault XP
 B = Vault XP
 C = Vault XP percentage of total XP
 D = Non-vault monster count
 E = Vault monster count
 F = Vault count percentage of total count
                 A         B        C        D         E       F
            +---------+---------+-------+---------+---------+-------
      Total |      74 |      53 |  41.7 |      30 |      10 |  25.0
            +---------+---------+-------+---------+---------+-------
        D:1 |      41 |       0 |   0.0 |      23 |       0 |   0.0
        D:2 |      33 |      53 |  61.6 |       7 |      10 |  58.8
            +---------+---------+-------+---------+---------+-------
